 Dungeon Crawl Stone Soup version 0.18-a0-739-gdae9da8 (webtiles) character file.

32 4thArraOfDagon the Firebug (level 3, 1/19 HPs)
             Began as a Deep Elf Fire Elementalist on Dec 10, 2015.
             Quit the game on level 3 of the Dungeon.
             The game lasted 00:02:45 (364 turns).

4thArraOfDagon the Firebug (DEFE)                    Turns: 364, Time: 00:02:45

Health: 1/19       AC:  2    Str:  5    XL:     3   Next: 10%
Magic:  3/9        EV: 13    Int: 20    God:
Gold:   40         SH:  0    Dex: 15    Spells: 2 memorised, 4 levels left

rFire  + + .     SeeInvis .     i - +0 war axe
rCold  x . .     Clarity  .     a - +0 robe
rNeg   . . .     SustAt   .     (no shield)
rPois  .         Gourm    .     (no helmet)
rElec  .         Spirit   .     (no cloak)
rCorr  .         Dismiss  .     (no gloves)
rMut   .         Stasis   .     (no boots)
MR     .....                    (no amulet)
Stlth  ++........               f - ring of protection from fire
                                e - ring of fire

@: lethally poisoned (1 -> -6), very slightly contaminated, not resistant to
hostile enchantments, unstealthy
A: no striking features
a: no special abilities


You were on level 3 of the Dungeon.
You were not hungry.

You visited 1 branch of the dungeon, and saw 3 of its levels.

You collected 40 gold pieces.

Inventory:

Hand Weapons
 i - a +0 war axe (weapon)
Armour
 a - a +0 robe (worn)
Jewellery
 e - a ring of fire (left hand)
 f - a ring of protection from fire (right hand)
Scrolls
 g - a scroll of teleportation {unknown}
 j - a scroll of identify {unknown}
Books
 b - a book of Flames

   Spells                             Type                      Level
   a - Flame Tongue                   Conjuration/Fire             1
   b - Throw Flame                    Conjuration/Fire             2
   c - Conjure Flame                  Conjuration/Fire             3
   d - Inner Flame                    Hexes/Fire                   3
   e - Sticky Flame                   Conjuration/Fire             4
   f - Fireball                       Conjuration/Fire             5
Comestibles
 c - 3 bread rations
 d - a meat ration
 h - a beef jerky


   Skills:
 - Level 2.4 Dodging
 - Level 2.4 Stealth
 + Level 3.4 Spellcasting
 * Level 2.2 Conjurations
 * Level 3.9 Fire Magic


You had 4 spell levels left.
You knew the following spells:

 Your Spells              Type           Power        Failure   Level  Hunger
a - Flame Tongue          Conj/Fire      ###..        4%          1    None
b - Conjure Flame         Conj/Fire      ###.....     14%         3    ###....


Dungeon Overview and Level Annotations

Branches:
Dungeon (3/15)

Altars:
Cheibriados
Dithmenos
Fedhas
Zin


Message History

Aiming: Flame Tongue
Press: ? - help, Shift-Dir - straight line, f/p - adder
Aim: an adder You feel a surge of power!
The flame tongue misses the adder.
The adder bites you.
* * * LOW HITPOINT WARNING * * *
You are lethally poisoned!
The adder poisons you!
You aren't carrying any potions.
Unknown command.
Enter note: that will do Unknown command.
Read which item? (? for menu, Esc to quit)
Okay, then.
You aren't carrying any potions.
Unknown command.
You aren't carrying any items that can be evoked.
Unknown command.
Unknown command.
Are you sure you want to abandon this character and quit the game? (Confirm with "yes".)

#.........
#...##### ##.##
##'## ## ##...## ..
##.....## .# .
##.......## .# ...
#.........##.#.?.#.
+........@S........
#.........##.#...#.
##.......## ... ...
##.....## ##.# #
##...## .# ##'## #
#.# ..# #..#


You could see an adder.

Vanquished Creatures
  2 adders
  An ooze (D:2)
  A bat (D:2)
  2 giant cockroaches (D:2)
  A hobgoblin (D:3)
  A giant newt (D:2)
  2 kobolds
  3 rats
13 creatures vanquished.

Notes
Turn   | Place    | Note
--------------------------------------------------------------
     0 | D:1      | 4thArraOfDagon the Deep Elf Fire Elementalist began the quest for the Orb.
     0 | D:1      | Reached XP level 1. HP: 10/10 MP: 6/6
   116 | D:2      | Reached XP level 2. HP: 15/15 MP: 2/8
   126 | D:2      | Found a shadowy altar of Dithmenos.
   173 | D:2      | Found a blossoming altar of Fedhas.
   232 | D:3      | Found a snail-covered altar of Cheibriados.
   248 | D:3      | Found a glowing silver altar of Zin.
   263 | D:3      | Reached XP level 3. HP: 8/19 MP: 1/9
   319 | D:3      | Learned a level 3 spell: Conjure Flame
   334 | D:3      | no priests plz :(
   364 | D:3      | that will do
   364 | D:3      | Quit the game

Vault maps used:
D:1:      mainiacjoe_arrival_reflecting_pool
D:2:      lemuel_round_altar, grunt_dithmenos_smoke, tgw_kikubaaqudgha
D:3:      zin_statuary, nemelex_deck, first_bread, cheibriados_altar_1

Action                   || total
-------------------------++-------
Melee: Unarmed           ||     1
 Cast: Flame Tongue      ||    28
